 Dungeon Crawl Stone Soup version 0.31.0-4-g52a2dc7128 (webtiles) character file.

Game seed: 5801357342112504125

81 ProzacElf the Grave Robber (level 4, -6/30 HPs)
             Began as a Vampire Necromancer on Jan 23, 2024.
             Was a Follower of Vehumet.
             Killed from afar by Ijyb (12 damage)
             ... with a bolt of acid
             ... on level 3 of the Dungeon.
             The game lasted 00:04:41 (1753 turns).

ProzacElf the Grave Robber (Vampire Necromancer)    Turns: 1753, Time: 00:04:41

Health: -6/30      AC:  2    Str:  9    XL:     4   Next: 20%
Magic:  8/8        EV: 12    Int: 17    God:    Vehumet [*.....]
Gold:   56         SH:  0    Dex: 14    Spells: 7/9 levels left

rFire   . . .        a - +1 dagger (elec)
rCold   . . .        (no shield)
rNeg    . . .        f - +0 robe
rPois   .            (no helmet)
rElec   .            (no cloak)
rCorr   .            (no gloves)
SInv    +            (no boots)
Will    .....        (no amulet)
Stlth   ++           (no ring)
HPRegen 0.45/turn    (no ring)
MPRegen 0.11/turn

%: no passive effects
@: healing quickly
A: alive, fangs 3, see invisible, vampiric 2
a: Exsanguinate, Renounce Religion


You were on level 3 of the Dungeon.
You worshipped Vehumet.
Vehumet was aware of your devotion.
You visited 1 branch of the dungeon, and saw 3 of its levels.

You collected 56 gold pieces.

Inventory:

Hand Weapons
 a - a +1 dagger of electrocution (weapon)
Armour
 f - a +0 robe (worn)
Magical Staves
 h - a staff of earth
Scrolls
 c - a scroll of teleportation {unknown}
 d - 3 scrolls of identify {unknown}
 g - a scroll of poison {unknown}
Potions
 b - a potion of magic
 e - a potion of invisibility {unknown}
 i - a potion of ambrosia {unknown}


   Skills:
 - Level 2.1 Dodging
 - Level 3.0 Stealth
 - Level 3.0 Spellcasting
 + Level 5.7 Necromancy


You had 7 spell levels left.
You knew the following spells:

 Your Spells              Type           Power      Damage    Failure   Level
a - Necrotise             Necr           84%        1d8       1%          1
b - Kiss of Death         Conj/Necr      48%        2d9       5%          1

Your spell library contained the following spells:

 Spells                   Type           Power      Damage    Failure   Level
 Vampiric Draining        Necr           21%        2d7       4%          3
 Apportation              Tloc           4%         N/A       17%         1
 Animate Dead             Necr           21%        N/A       17%         4
 Jinxbite                 Hex            4%         N/A       26%         2
 Curse of Agony           Necr           21%        N/A       43%         5
 Summon Ice Beast         Ice/Summ       2%         N/A       45%         3
 Alistair's Intoxication  Alch           1%         N/A       99%         5
 Summon Mana Viper        Hex/Summ       2%         N/A       99%         5
 Monstrous Menagerie      Summ           1%         N/A       100%        7


Dungeon Overview and Level Annotations

Branches:
Dungeon (3/15)

Altars:
Vehumet

Shops:
D:1 (

Annotations:
D:3 Ijyb


Innate Abilities, Weirdness & Mutations

Your natural rate of healing is accelerated.
You have razor-sharp teeth.
You have supernaturally acute eyesight. (SInv)
You are afflicted with vampirism and can become a bat while bloodless.


Message History

Ye climb downwards.
Thar be a stone staircase leadin' up 'ere.
A quokka comes inta view.
Tha frilled lizard hisses angrily.
Tha quokka bites ye.
Ye take 2 damage, an' haf 27/29 hp.
Ye barely miss tha quokka.
Tha quokka bites ye.
Ye closely miss tha quokka.
Tha quokka barely misses ye.
Ye closely miss tha quokka.
Ye bite tha quokka.
Tha quokka be lightly wounded.
Tha quokka closely misses ye.
Tha quokka bites ye.
Ye take 1 damage, an' haf 26/29 hp.
Ye hit tha quokka but do nay damage.
Lightnin' courses through tha quokka!!
Ye kill tha quokka!
Vehumet accepts yer kill.
Yer life force feels restored.
Ye hit tha frilled lizard.
Ye kill tha frilled lizard!
Vehumet accepts yer kill.
Nay target in view!
Nay target in view!
HP restored.
Ye see 'ere a quokka corpse.
Found a rin' mail.
Health restored: 30
Found a coppery potion.
Ye now haf 56 gold pieces (gain'd 12).
Ijyb tha Twisted Goblin comes inta view.
She be wieldin' a +0 club an' carryin' a wand o' acid.
Ijyb shouts!
Found a metallic grey potion.
Found an 'scape hatch in tha ceilin'.
A hobgoblin comes inta view.
Ijyb zaps a wand.
Tha bolt o' acid hits ye!
Ouch! Tha re'lly hurt!
Ye take 17 damage, an' haf 13/30 hp.
MASSIVE DAMAGE!!
Okay, than.
Ijyb zaps a wand.
Tha bolt o' acid hits ye!
* * * LOW HITPOINT WARNIN'
* * * Ye take 7 damage, an' haf 6/30 hp.
MASSIVE DAMAGE!!
Ijyb zaps a wand.
Tha bolt o' acid hits ye!
Ye die...

.......
.......######
............#
.....g......#
......!.....#
......[.....#
#####.......#
#.......#.####
####..@.#....
#....#..#
#....#..####
#..........#
#......###.
##+#.....#
#...#.#
#...#.#
#...#.# #


You could see Ijyb.

Vanquished Creatures
  Terence (D:2)
  3 adders (D:2)
  3 ball pythons
  An endoplasm (D:2)
  A giant cockroach (D:2)
  4 goblins
  A hobgoblin (D:2)
  2 quokkas
  2 bats
  A frilled lizard (D:3)
  5 kobolds (D:2)
  3 rats
27 creatures vanquished.

Vanquished Creatures (collateral kills)
  An endoplasm (D:1)
1 creature vanquished.

Grand Total: 28 creatures vanquished

Notes
Turn   | Place    | Note
-------+----------+-------------------------------------------
     0 | D:1      | ProzacElf the Vampire Necromancer began the quest for the
                  | Orb.
     0 | D:1      | Reached XP level 1. HP: 13/13 MP: 3/3
   415 | D:1      | Found a faded altar of an unknown god.
   424 | D:1      | Prayed at the altar of an unknown god.
   424 | D:1      | Became a worshipper of Vehumet
   424 | D:1      | Reached * piety under Vehumet
   424 | D:1      | Offered knowledge of Kiss of Death by Vehumet.
   427 | D:1      | Learned a level 1 spell: Kiss of Death
   623 | D:1      | Found Dopp's Antique Weapon Shop.
   637 | D:1      | Reached XP level 2. HP: 15/19 MP: 5/5
   995 | D:2      | Reached skill level 5 in Necromancy
   995 | D:2      | Gained mutation: You are afflicted with vampirism and can
                  | become a bat while bloodless. [Vampire growth]
   995 | D:2      | Reached XP level 3. HP: 20/21 MP: 7/7
  1326 | D:2      | Noticed Terence
  1340 | D:2      | Killed Terence
  1341 | D:2      | Reached XP level 4. HP: 13/29 MP: 1/8
  1748 | D:3      | Noticed Ijyb
  1753 | D:3      | Killed from afar by Ijyb

Illustrated notes

Levels and vault maps discovered:
D:1:      elethiomel_arrival_quiet, layout_loops_ring,
          chequers_ecumenical_altar_simple_redux, serial_shops,
          nicolae_diamond_shop
D:2:      layout_loops_corners, uniq_terence
D:3:      minmay_diamond_boxcup, layout_basic,
          worldfamousw_hep_ancestral_shrine,
          chequers_temple_overflow_statue_of_worship, uniq_grinder, uniq_ijyb,
          uniq_natasha

Skill      XL: |  1  2  3 |
---------------+----------+-----
Necromancy     | 5 |  5.7
Spellcasting   | 3 |  3.0
Dodging        | |  2.1
Stealth        | |  3.0

Action                     |  1- 3 |  4- 6 || total
---------------------------+-------+-------++-------
  Melee: Dagger            |    46 |     7 ||    53
         Unarmed           |     2 |       ||     2
         Bite              |     4 |     1 ||     5
   Cast: Necrotise         |    18 |       ||    18
         Kiss of Death     |     2 |       ||     2
   Stab: Sleeping          |     3 |     2 ||     5
 Armour: Robe              |    27 |     6 ||    33
  Dodge: Dodged            |    39 |     2 ||    41

Action                     |  1- 3 |  4- 6 || total
---------------------------+-------+-------++-------
  Melee: Dagger            |    46 |     7 ||    53
         Unarmed           |     2 |       ||     2
         Bite              |     4 |     1 ||     5
   Cast: Necrotise         |    18 |       ||    18
         Kiss of Death     |     2 |       ||     2
   Stab: Sleeping          |     3 |     2 ||     5
 Armour: Robe              |    27 |     6 ||    33
  Dodge: Dodged            |    39 |     2 ||    41

Levels and vault maps discovered:
D:1:      elethiomel_arrival_quiet, layout_loops_ring,
          chequers_ecumenical_altar_simple_redux, serial_shops,
          nicolae_diamond_shop
D:2:      layout_loops_corners, uniq_terence
D:3:      minmay_diamond_boxcup, layout_basic,
          worldfamousw_hep_ancestral_shrine,
          chequers_temple_overflow_statue_of_worship, uniq_grinder, uniq_ijyb,
          uniq_natasha
